 Dungeon Crawl Stone Soup version 0.13-b1-32-g21a608e (webtiles) character file.

103 Lilouch the Skirmisher (level 3, 0/30 HPs)
             Began as a Mummy Fighter on Oct 6, 2013.
             Slain by an adder (4 damage)
             ... on Level 1 of the Dungeon.
             The game lasted 00:04:13 (1102 turns).

Lilouch the Skirmisher (Mummy Fighter)              Turns: 1102, Time: 00:04:13

HP   0/30        AC  6     Str 20      XL: 3   Next:  0%
MP   2/2         EV  6     Int  7      God:
Gold 75          SH 17     Dex 11      Spells:  0 memorised,  2 levels left

Res.Fire  : x . .   See Invis. : .   a - +0 hand axe {=f}
Res.Cold  : + . .   Warding    : .   b - +0 scale mail
Life Prot.: + + +   Conserve   : .   c - +0 shield
Res.Poison: +       Res.Corr.  : .   (no helmet)
Res.Elec. : .       Clarity    : .   (no cloak)
Sust.Abil.: . .     Spirit.Shd : .   (no gloves)
Res.Mut.  : .       Stasis     : .   (no boots)
Res.Rott. : +       Flight     : .   (no amulet)
Saprovore : . . .                    (no ring)
                                     (no ring)

@: slightly resistant to hostile enchantments, extremely unstealthy
A: no food or potions, fire vulnerability, restore body, cold resistance 1, life
protection 3, poison resistance, torment resistance, unbreathing
a: no special abilities


You were on level 1 of the Dungeon.
You were not hungry.

You visited 1 branch of the dungeon, and saw 2 of its levels.

You collected 55 gold pieces.

Inventory:

Hand weapons
 a - a +0,+0 hand axe (weapon) {=f}
 g - a +1,+0 orcish spear
Missiles
 d - 45 stones (quivered)
 m - 43 sling bullets
 o - 23 arrows of flame
 p - 10 darts
 u - 11 poisoned needles
 v - 22 arrows
Armour
 b - a +0 scale mail (worn)
 c - a +0 shield (worn)
Comestibles
 k - 2 bread rations
 w - a pear
Scrolls
 e - a scroll of amnesia {unknown}
 h - a scroll of recharging {unknown}
 j - a scroll of enchant armour {unknown}
 n - a scroll of magic mapping {unknown}
 s - a scroll of random uselessness {unknown}
 t - a scroll of curse armour {unknown}
Jewellery
 f - an uncursed ring of sustain abilities {unknown}
 r - an uncursed ring of flight {unknown}
Potions
 l - a potion of paralysis {unknown}
 q - 2 potions of speed {unknown}


   Skills:
 + Level 3.3 Fighting
 + Level 1.9 Axes
 + Level 2.8 Armour
 + Level 0.5 Dodging
 + Level 2.4 Shields


You had 2 spell levels left.
You didn't know any spells.

Dungeon Overview and Level Annotations

Branches:
Dungeon (2/27)

Altars:
Cheibriados


Innate Abilities, Weirdness & Mutations

You do not eat or drink.
Your flesh is vulnerable to fire.
Your flesh is cold resistant.
You are immune to negative energy.
Your system is resistant to poisons.
You are immune to unholy pain and torment.
You can survive without breathing.


Message History

You miss the adder. The adder bites you but does no damage.
The adder bites you.
Your shield prevents you from hitting the adder.
You block the adder's attack. The adder bites you but does no damage.
You hit the adder but do no damage. The adder bites you.
* * * LOW HITPOINT WARNING * * *
The adder closely misses you.
You hit the adder.
The adder is heavily wounded.
The adder bites you.
* * * LOW HITPOINT WARNING * * *
The adder bites you.
* * * LOW HITPOINT WARNING * * *
The adder bites you but does no damage.
You climb upwards.
There is a stone staircase leading down here.
You miss the adder.
The adder is heavily wounded.
The adder bites you.
You die...

#.......######## ##
#......)#......# #.
#.......#......# #.
####.......#......# #.
...........#......# #%
####.......#......# #########.
#.......#......# #.........
#.......#......# #.#######.
####.......#....@.######.##### ##
.........>......S.#..........#
####....%####.#####..........####
####....%# #.# #..............
..##.....# #.# #..........##..
..##.....####.##########.######..
..##.....................# #..
..##.....####.##########.# #..
..##.....####.##########.######..


You could see an adder.

Vanquished Creatures
  5 bats (D:1)
  2 giant cockroaches (D:1)
  2 goblins (D:1)
  4 hobgoblins (D:1)
  4 jackals
  2 kobolds (D:1)
  A ball python (D:1)
  2 giant newts (D:1)
  4 rats (D:1)
26 creatures vanquished.

Notes
Turn   | Place    | Note
--------------------------------------------------------------
     0 | D:1      | Lilouch, the Mummy Fighter, began the quest for the Orb.
     0 | D:1      | Reached XP level 1. HP: 18/18 MP: 0/0
   192 | D:1      | Reached XP level 2. HP: 24/24 MP: 1/1
   749 | D:2      | Found a snail-covered altar of Cheibriados.
  1092 | D:2      | Reached XP level 3. HP: 13/30 MP: 2/2
  1102 | D:1      | Slain by an adder

Action                   || total
-------------------------++-------
Melee: Hand axe          ||   123
